 Dungeon Crawl Stone Soup version 0.27.0-1-g7a089689b8 (webtiles) character file.

Game seed: 11192228497514933694

709 dtburroughs the Chopper (level 7, -4/63 HPs)
             Began as a Minotaur Berserker on Aug 8, 2021.
             Was a Believer of Trog.
             Slain by an ogre (24 damage)
             ... on level 4 of the Dungeon.
             The game lasted 00:04:57 (4569 turns).

dtburroughs the Chopper (Minotaur Berserker)        Turns: 4569, Time: 00:04:58

Health: -4/63      AC:  7    Str: 22    XL:     7   Next: 40%
Magic:  6/6        EV: 11    Int:  6    God:    Trog [**....]
Gold:   152        SH:  0    Dex:  9    Spells: 6/6 levels left

rFire    . . .     SeeInvis .   o - +0 war axe
rCold    . . .     Faith    .   (no shield)
rNeg     . . .     Spirit   .   r - +0 scale mail
rPois    .         Reflect  .   (helmet restricted)
rElec    .         Harm     .   (no cloak)
rCorr    .         Rampage  .   (no gloves)
Will     .....                  (no boots)
Stlth    ..........             (no amulet)
HPRegen  0.20/turn              (no ring)
MPRegen  0.10/turn              (no ring)

@: no status effects
A: horns 2, retaliatory headbutt
a: Renounce Religion, Berserk, Trog's Hand


You were on level 4 of the Dungeon.
You worshipped Trog.
Trog was pleased with you.
You visited 1 branch of the dungeon, and saw 6 of its levels.

You collected 152 gold pieces.

Inventory:

Hand Weapons
 a - a +0 hand axe
 o - a +0 war axe (weapon)
 q - a +2 flail of holy wrath
Armour
 b - a +0 animal skin
 r - a +0 scale mail (worn)
Jewellery
 j - a ring of resist corrosion
Wands
 t - a wand of paralysis (8)
Scrolls
 c - 2 scrolls of blinking {unknown}
 g - a scroll of holy word {unknown}
 i - a scroll of enchant armour {unknown}
 k - a scroll of identify {unknown}
 l - 2 scrolls of fog {unknown}
 m - 3 scrolls of enchant weapon {unknown}
 p - a scroll of summoning {unknown}
Potions
 d - 3 potions of curing {unknown}
 e - a potion of lignification {unknown}
 f - a potion of resistance {unknown}
 h - a potion of brilliance {unknown}
 n - a potion of berserk rage {unknown}
 s - 2 potions of flight {unknown}


   Skills:
 + Level 6.1 Fighting
 + Level 6.1 Axes
 + Level 5.4 Armour
 + Level 4.9 Dodging


You had 6 spell levels left.
You didn't know any spells.
Your spell library was empty.

Dungeon Overview and Level Annotations

Branches:
Dungeon (6/15)
 Temple: D:4-7

Altars:
Ashenzari
Ru
Zin

Shops:
D:6 :


Innate Abilities, Weirdness & Mutations

You have a pair of horns on your head.
You reflexively headbutt those who attack you in melee.


Message History

You hit the orc. You headbutt the orc!
You kill the orc!
Trog accepts your kill.
You slash the ogre! Your headbutt misses the ogre.
The ogre is severely wounded.
The ogre misses you. You furiously retaliate!
You headbutt the ogre, but do no damage.
You slash the ogre!
You kill the ogre!
Trog accepts your kill.
Your Fighting skill increases to level 6!
Your Axes skill increases to level 6!
You slash the orc!
You kill the orc!
Trog accepts your kill.
Items here: ))))) [ †.
Items here: ))))) [ †.
Okay, then.
An adder comes into view.
Items here: ))))) [ †.
Items here: ))))) [ †.
An adder is nearby!
Items here: ))))) [ †.
You miss the adder. The adder closely misses you. You furiously retaliate!
You headbutt the adder. The adder barely misses you. You furiously retaliate!
You headbutt the adder!
You kill the adder!
Trog accepts your kill.
Items here: ))))) [ ††.
An ogre comes into view. It is wielding a +0 giant club.
Items here: ))))) [ ††.
The ogre barely misses you.
You barely miss the ogre. The ogre hits you with a +0 giant club!
You hit the ogre. Your headbutt misses the ogre.
The ogre is lightly wounded.
The ogre hits you with a +0 giant club!!
You hit the ogre. You headbutt the ogre!
The ogre is almost dead.
The ogre hits you with a +0 giant club!!
You die...

#.###.....##
##...O.......
#.......8....
#............
#.####.....##
#.# #...#.. #)#
...# #O# ..#
#@# ..# #.# ##
#.# #.# ###
#.####.########
#.....#.......#
####.#.....##.#
##...##.##.###.
##..##........


You could see an ogre.

Vanquished Creatures
  A black bear (D:6)
  2 sky beasts (D:6)
  A necrophage (D:5)
  An ogre (D:4)
  A jelly (D:6)
  2 orc priests
  2 orc wizards
  5 adders
  A white imp (D:5)
  2 worms
  A dart slug (D:1)
  15 orcs
  5 ball pythons
  3 endoplasms
  3 giant cockroaches
  3 goblins
  3 hobgoblins
  5 kobolds
  4 bats
  7 frilled lizards
  6 rats
73 creatures vanquished.

Vanquished Creatures (others)
  2 withered plants (D:4)
2 creatures vanquished.

Grand Total: 75 creatures vanquished

Notes
Turn   | Place    | Note
-------+----------+-------------------------------------------
     0 | D:1      | dtburroughs the Minotaur Berserker began the quest for the
                  | Orb.
     0 | D:1      | Reached XP level 1. HP: 19/19 MP: 0/0
   495 | D:1      | Reached XP level 2. HP: 23/27 MP: 1/1
  1165 | D:2      | Reached XP level 3. HP: 33/33 MP: 2/2
  1192 | D:2      | Found a faded altar of an unknown god.
  1440 | D:2      | Reached ** piety under Trog
  2423 | D:3      | Found a glowing silver altar of Zin.
  2511 | D:3      | Reached XP level 4. HP: 36/41 MP: 3/3
  2539 | D:3      | Found a sacrificial altar of Ru.
  2620 | D:3      | Found a broken altar of Ashenzari.
  3611 | D:4      | You fall into a shaft and drop 2 floors!
  3720 | D:6      | Noticed a sky beast
  3721 | D:6      | Found Taulehax's Book Shoppe.
  3730 | D:6      | Killed a sky beast
  3731 | D:6      | Reached skill level 5 in Fighting
  3731 | D:6      | Reached skill level 5 in Axes
  3731 | D:6      | Reached XP level 5. HP: 48/48 MP: 4/4
  3810 | D:6      | Noticed a black bear
  3824 | D:6      | Killed a black bear
  3825 | D:6      | Reached XP level 6. HP: 49/56 MP: 5/5
  3882 | D:6      | Noticed a sky beast
  3896 | D:6      | Killed a sky beast
  4112 | D:5      | Entered Level 5 of the Dungeon
  4280 | D:5      | Reached skill level 5 in Armour
  4280 | D:5      | Reached XP level 7. HP: 62/62 MP: 6/6
  4569 | D:4      | Slain by an ogre

Illustrated notes

Levels and vault maps discovered:
D:1:      mrwooster_arrival_statue, layout_basic
D:2:      layout_basic, hellmonk_ecumenical_altar_pennies_from_heaven
D:3:      layout_loops_ring, hangedman_ru_absence, lemuel_crystal_altar,
          overflow_temple_1_default, hangedman_decor_push, st_stairs_12
D:4:      layout_loops_corners, serial_undead, serial_undead_c, serial_undead_f,
          serial_undead_e, serial_undead_b, serial_undead_a, grunt_ministairs_6,
          grunt_decor_mini_mirrors
D:5:      layout_layer_cave, grunt_dithmenos_shadows, temple_hall, serial_shops,
          kennysheep_little_box
D:6:      layout_rooms, serial_shops, shop, minmay_splitting_lines

Skill      XL: |  1  2  3  4  5  6  7 |
---------------+----------------------+-----
Fighting       | 4 5 6 |  6.1
Axes           | 4 5 6 |  6.1
Armour         | 3 4 5 |  5.4
Dodging        | 3 4 |  4.9

Action                   |  1- 3 |  4- 6 |  7- 9 || total
-------------------------+-------+-------+-------++-------
Melee: Hand axe          |    86 |    38 |       ||   124
       Headbutt          |     7 |    10 |     5 ||    22
       War axe           |       |    35 |    30 ||    65
Invok: Berserk           |     1 |     2 |       ||     3
       Trog's Hand       |     1 |       |       ||     1
Armor: Animal skin       |    22 |     4 |       ||    26
       Scale mail        |       |     6 |    11 ||    17
Dodge: Dodged            |    48 |    36 |    10 ||    94
